AoeStats
← Goldy

Arabia

504346926Analyzed
3v3 RM · 28d ago on Sep 5, 2026· 44m 1s· 6 players
Game mode
Random Map
Map size
Normal (6 player)
Population
200
Speed
Normal
Resources
Standard
Victory
Conquest
Starting age
Dark Age
Ending age
Imperial Age
RankedLock teamsTeams togetherTeam positionsShared explorationLock speedFull tech treeHidden civsTurbo modeCheats
Victory
Defeat
🇦🇷 Bulgarians · Argentina
1225
+14
🇦🇺 Ethiopians · Australia
1185
+16
🇧🇷 Mongols · Brazil
1147
+19
🇺🇸 Magyars · United States
1203
-17
🇪🇸 Cumans · Spain
1198
-17
🇨🇱 Chinese · Chile
1157
-15
TuSaiyajin
6:59 Loom
9:28 Feudal Age
11:24 Double-Bit Axe
23:22 Castle Age
21:28 Horse Collar
22:46 Fletching
23:57 Gold Mining
24:18 Thumb Ring
26:15 Bodkin Arrow
31:47 Elite Skirmisher
37:56 Imperial Age
36:39 Bloodlines
38:38 Ballistics
38:15 Cavalier
40:27 Scale Barding Armor
40:23 Bracer
Clifordino
0:27 Loom
10:49 Feudal Age
20:22 Castle Age
18:26 Horse Collar
18:42 Double-Bit Axe
21:43 Scale Mail Armor
24:26 Elite Skirmisher
CanarioAOE
7:38 Loom
9:48 Feudal Age
18:15 Castle Age
18:26 Double-Bit Axe
18:24 Horse Collar
23:51 Bloodlines
31:30 Scale Barding Armor
31:38 Gold Mining
32:41 Stone Mining
34:15 Wheelbarrow
33:26 Town Watch
38:53 Chain Barding Armor
38:24 Fletching
38:35 Padded Archer Armor
39:13 Gold Shaft Mining
45:33 Imperial Age
Fpavoni
6:51 Loom
9:10 Feudal Age
11:25 Double-Bit Axe
12:09 Scale Barding Armor
15:06 Padded Archer Armor
24:01 Castle Age
22:18 Fletching
24:05 Crossbowman
24:49 Bodkin Arrow
27:56 Leather Archer Armor
34:01 Imperial Age
33:49 Gold Mining
34:55 Wheelbarrow
37:22 Hand Cart
37:37 Town Watch
38:31 Ballistics
39:19 Bloodlines
38:32 Light Cavalry
39:04 Capped Ram
39:37 Horse Collar
40:28 Stone Mining
40:52 Husbandry
41:31 Drill
42:01 Thumb Ring
43:17 Conscription
43:55 Elite Mangudai
niquito0912
7:36 Loom
9:41 Feudal Age
10:30 Double-Bit Axe
11:41 Horse Collar
13:16 Scale Barding Armor
13:22 Forging
19:56 Castle Age
21:45 Bloodlines
21:35 Husbandry
22:46 Stone Mining
22:47 Gold Mining
30:18 Bow Saw
30:11 Heavy Plow
32:20 Wheelbarrow
35:45 Imperial Age
33:40 Ballistics
33:41 Hand Cart
34:17 Iron Casting
34:04 Chain Barding Armor
34:30 Stone Shaft Mining
34:38 Gold Shaft Mining
35:22 Fletching
36:08 Town Watch
37:10 Cavalier
39:18 Capped Ram
41:26 Town Patrol
42:29 Blast Furnace
42:04 Plate Barding Armor
41:25 Bodkin Arrow
41:31 Padded Archer Armor
42:25 Elite Konnik
43:51 Siege Ram
Goldy
8:29 Loom
10:52 Feudal Age
12:43 Double-Bit Axe
12:41 Horse Collar
19:19 Fletching
22:57 Castle Age
21:18 Gold Mining
22:43 Padded Archer Armor
23:03 Crossbowman
23:40 Bodkin Arrow
24:05 Bow Saw
24:32 Gold Shaft Mining
25:06 Wheelbarrow
27:15 Ballistics
28:41 Leather Archer Armor
28:16 Town Watch
29:29 Thumb Ring
32:59 Stone Mining
33:12 Heavy Plow
37:42 Imperial Age
36:58 Hand Cart
37:45 Arbalester
38:27 Bracer
39:29 Chemistry
40:30 Murder Holes
40:46 Masonry
41:32 Ring Archer Armor
Connection lost

Rejoining the realm…

Still unreachable

The connection could not be restored.

Session expired

The server has moved on; the page needs a fresh start.